 Dungeon Crawl Stone Soup version 0.28-a0-691-gad6df49e81 (webtiles) character file.

Game seed: 6185779747426465968

133 oldriver the Sneak (level 5, -2/32 HPs)
             Began as a Kobold Brigand on Oct 20, 2021.
             Slain by an adder (3 damage)
             ... on level 4 of the Dungeon.
             The game lasted 00:06:05 (4115 turns).

oldriver the Sneak (Kobold Brigand)                 Turns: 4115, Time: 00:06:05

Health: -2/32      AC:  4    Str:  9    XL:     5   Next: 39%
Magic:  5/5        EV: 14    Int: 12    God:
Gold:   168        SH:  0    Dex: 17    Spells: 4/4 levels left

rFire   . . .      SeeInvis .   a - +2 dagger
rCold   . . .      Faith    .   (shield restricted)
rNeg    . . .      Spirit   .   b - +0 robe
rPois   .          Reflect  .   (no helmet)
rElec   .          Harm     .   c - +0 cloak
rCorr   .          Rampage  .   (no gloves)
Will    .....                   o - +0 pair of boots
Stlth   +++++.....              (no amulet)
HPRegen 0.10/turn               (no ring)
MPRegen 0.09/turn               (no ring)

@: invisible
A: small, no large weapons, nightstalker 3
a: no special abilities


You were on level 4 of the Dungeon.
You visited 1 branch of the dungeon, and saw 4 of its levels.

You collected 168 gold pieces.

Inventory:

Hand Weapons
 a - a +2 dagger (weapon)
Missiles
 d - 8 poisoned darts (quivered)
 e - 2 curare-tipped darts
 k - 29 bolts
 s - 5 atropa-tipped darts
Armour
 b - a +0 robe (worn)
 c - a +0 cloak (worn)
 o - a +0 pair of boots (worn)
Wands
 p - a wand of charming (12)
Scrolls
 f - a scroll of identify {unknown}
 g - a scroll of enchant weapon {unknown}
 h - a scroll of summoning {unknown}
 i - a scroll of amnesia {unknown}
 m - a scroll of enchant armour {unknown}
 n - a scroll of holy word {unknown}
Potions
 j - a potion of brilliance {unknown}
 l - a potion of might {unknown}
 r - 2 potions of ambrosia {unknown}


   Skills:
 * Level 3.0 Fighting
 * Level 3.6 Short Blades
 + Level 2.3 Throwing
 + Level 1.7 Dodging
 * Level 7.5 Stealth


You had 4 spell levels left.
You didn't know any spells.
Your spell library contained the following spells:

 Spells                   Type           Power      Damage    Failure   Level
 Ozocubu's Armour         Ice            0%         N/A       69%         3
 Metabolic Englaciation   Hex/Ice        0%         N/A       100%        5
 Simulacrum               Ice/Necr       0%         N/A       100%        6


Dungeon Overview and Level Annotations

Branches:
Dungeon (4/15)
 Temple: D:4-7

Altars:
Vehumet
Xom


Innate Abilities, Weirdness & Mutations

You are small and have problems with some larger weapons.
You are completely attuned to the shadows.


Message History

You are too injured to fight recklessly!
You are too injured to fight recklessly!
You are too injured to fight recklessly!
You are too injured to fight recklessly!
You are too injured to fight recklessly!
You are too injured to fight recklessly!
You are too injured to fight recklessly!
Unknown command.
You hit the orc priest.
The orc priest is severely wounded.
The orc priest barely misses you.
You hit the orc priest.
The orc priest is almost dead.
The orc priest closely misses you.
You closely miss the orc priest.
The orc priest is almost dead.
The quokka bites you.
The orc priest hits you with a +0 short sword.
You hit the orc priest but do no damage.
The orc priest is almost dead.
The quokka bites you.
You closely miss the orc priest.
The orc priest is almost dead.
The orc priest completely misses you. The quokka barely misses you.
The adder barely misses you.
You hit the orc priest but do no damage.
The orc priest is almost dead.
The orc priest hits you with a +0 short sword.
* * * LOW HITPOINT WARNING * * *
The adder misses you. The quokka closely misses you.
You barely miss the orc priest.
The orc priest is almost dead.
The adder bites you but does no damage.
The orc priest hits you with a +0 short sword.
* * * LOW HITPOINT WARNING * * *
The quokka barely misses you.
It was a potion of invisibility.
You fade into invisibility!
The adder bites you.
You die...

...........###.
....†..
........##.....
.......
...........†...
.......
...............
.......
####.####.####
....... #.
..#.# ......
##.##.#.###
...).
###..S#.#...#
...#
...or@.....# ##
#.oo###....#
##.## #.....#
#....# #......
# ####.# #.....
# ... # ...


You could see an orc priest, an adder, 2 orcs and a quokka.

Vanquished Creatures
  An iguana (D:4)
  A gnoll (D:1)
  2 adders
  2 adder skeletons (D:4)
  A worm (D:3)
  A dart slug (D:3)
  2 orcs (D:3)
  7 ball pythons
  5 bats
  9 endoplasms
  2 giant cockroaches
  8 hobgoblins
  5 jackals
  A quokka (D:1)
  A frilled lizard (D:3)
  A goblin (D:1)
  4 kobolds
  8 rats
61 creatures vanquished.

Notes
Turn   | Place    | Note
-------+----------+-------------------------------------------
     0 | D:1      | oldriver the Kobold Brigand began the quest for the Orb.
     0 | D:1      | Reached XP level 1. HP: 12/12 MP: 1/1
   352 | D:1      | Reached XP level 2. HP: 15/17 MP: 2/2
   474 | D:1      | Reached skill level 6 in Stealth
   728 | D:1      | Reached XP level 3. HP: 22/22 MP: 3/3
  1425 | D:2      | Noticed an ogre
  1519 | D:2      | Found a faded altar of an unknown god.
  2562 | D:2      | Reached XP level 4. HP: 16/27 MP: 4/4
  2867 | D:3      | Reached skill level 7 in Stealth
  3427 | D:3      | Found a radiant altar of Vehumet.
  3494 | D:4      | Noticed an ogre
  3899 | D:4      | Reached XP level 5. HP: 32/32 MP: 5/5
  4094 | D:4      | Found a shimmering altar of Xom.
  4114 | D:4      | HP: 1/32 [orc priest (6)]
  4115 | D:4      | Slain by an adder

Illustrated notes

Levels and vault maps discovered:
D:1:      scummos_arrival_hexagon, layout_basic, minmay_crystal_room,
          chequers_avenue
D:2:      layout_loops_ring, ebering_ecumenical_altar_abandoned
D:3:      layout_loops_cross, mainiacjoe_overflow_brackets
D:4:      layout_cave_pods, nemelex_spade_bored_becter,
          nicolae_overflow_crystal_walls, minmay_fractal_squares_diagonal_5

Skill      XL: |  1  2  3  4  5 |
---------------+----------------+-----
Stealth        | 6 7 |  7.5
Short Blades   | 3 |  3.6
Fighting       | 3 |  3.0
Throwing       | |  2.3
Dodging        | |  1.7

Action                   |  1- 3 |  4- 6 || total
-------------------------+-------+-------++-------
Melee: Dagger            |    96 |    98 ||   194
Throw: Dart              |       |     3 ||     3
  Use: Potion            |     2 |     1 ||     3
 Stab: Sleeping          |    22 |    12 ||    34
       Distracted        |       |     1 ||     1
Armor: Robe              |    24 |    12 ||    36
Dodge: Dodged            |    82 |    72 ||   154

Table legend: (Time is in decaauts)
 A = Elapsed time spent in this place.
 B = Non-inter-level travel time spent in this place.
 C = Inter-level travel time spent in this place.
 D = Time resting spent in this place.
 E = Time spent auto-exploring this place.
 F = Levels seen in this place.
 G = Mean time per level.
                   A        B        C        D        E       F      G
               +--------+--------+--------+--------+--------+-----+--------+
         Total |   4089 |   3834 |    255 |    720 |   2324 |   4 | 1022.2 |
       Dungeon |   4089 |   3834 |    255 |    720 |   2324 |   4 | 1022.2 |
               +--------+--------+--------+--------+--------+-----+--------+

Top non-repeatable levels by time:
     D:1: 1570 daAuts
     D:2: 1148 daAuts
     D:3: 1041 daAuts
     D:4: 329 daAuts
